 Dungeon Crawl Stone Soup version 0.22.1-2-g9c5b331 (webtiles) character file.

667 Fang the Chopper (level 7, -1/44 HPs)
             Began as a Gargoyle Berserker on Jan 3, 2019.
             Was a Priest of Trog.
             Killed by divine providence
             ... invoked by an orc priest
              (14 damage)
             ... on level 5 of the Dungeon on Jan 4, 2019.
             The game lasted 00:06:07 (3948 turns).

Fang the Chopper (Gargoyle Berserker)               Turns: 3948, Time: 00:06:08

Health: -1/44      AC: 13    Str: 23    XL:     7   Next: 57%
Magic:  7/7        EV:  9    Int:  7    God:    Trog [***...]
Gold:   187        SH:  0    Dex:  9    Spells: 6/6 levels left

rFire    + . .     SeeInvis .   p - +0 war axe
rCold    . . .     Gourm    .   (no shield)
rNeg     + . .     Faith    .   u - +0 chain mail
rPois    ∞         Spirit   .   (no helmet)
rElec    +         Reflect  .   (no cloak)
rCorr    .         Harm     .   (no gloves)
MR       .....                  (no boots)
Stlth    ..........             (no amulet)
HPRegen  0.14/turn              t - ring of protection from fire
MPRegen  0.10/turn              (no ring)

@: no status effects
A: negative energy resistance 1, electricity resistance, unbreathing,
petrification resistance, rot immunity, AC +4
a: Berserk, Trog's Hand, Renounce Religion


You were on level 5 of the Dungeon.
You worshipped Trog.
Trog was most pleased with you.
You were not hungry.

You visited 1 branch of the dungeon, and saw 5 of its levels.

You collected 187 gold pieces.

Inventory:

Hand Weapons
 p - a +0 war axe (weapon)
Armour
 u - a +0 chain mail (worn)
Jewellery
 t - a ring of protection from fire (left hand)
Wands
 s - a wand of digging (14)
Scrolls
 e - 3 scrolls of identify {unknown}
 f - a scroll of teleportation {unknown}
 g - a scroll of enchant armour {unknown}
 k - 3 scrolls of remove curse {unknown}
 n - a scroll of amnesia {unknown}
 o - a scroll of random uselessness {unknown}
Potions
 a - 2 potions of curing {unknown}
 b - 2 potions of ambrosia {unknown}
 d - a potion of haste {unknown}
 h - a potion of resistance {unknown}
 i - a potion of might {unknown}
 j - 2 potions of heal wounds {unknown}
 l - 2 potions of degeneration {unknown}
 m - 2 potions of berserk rage {unknown}
 q - a potion of flight {unknown}
 r - a potion of brilliance {unknown}
 v - a potion of lignification {unknown}
Comestibles
 c - 7 rations
 w - a chunk of flesh


   Skills:
 + Level 4.9 Fighting
 + Level 5.7 Axes
 + Level 3.2 Armour
 + Level 3.4 Dodging
 + Level 1.4 Stealth


You had 6 spell levels left.
You didn't know any spells.
Your spell library was empty.

Dungeon Overview and Level Annotations

Branches:
Dungeon (5/15)
 Temple: D:4-7

Altars:
Dithmenos
Yredelemnul


Innate Abilities, Weirdness & Mutations

You are resistant to torment.
Your stone body is resilient. (AC +4)
You are immune to poison.
You resist negative energy. (rN+)
You are resistant to electric shocks. (rElec)
You can survive without breathing.
You are immune to petrification.
You are immune to rotting.


Message History

You slash the orc!
You kill the orc!
Trog accepts your kill.
An orc comes into view. It is wielding a hand axe.
Your chain mail prevents you from hitting the orc priest.
The orc shouts!
The orc priest hits you but does no damage.
You hit the orc priest.
The orc priest is moderately wounded.
The orc priest mumbles some strange prayers to Beogh against you.
Beogh smites you!
You closely miss the orc priest.
The orc priest is moderately wounded.
The orc priest calls down the wrath of Beogh upon you.
Beogh smites you!
* * * LOW HITPOINT WARNING * * *
An orc comes into view. It is wielding a club.
The orc priest calls down the wrath of Beogh upon you.
Beogh smites you!
You die... .. .o ##. ?.# .o## Jo#

###o##
#..@)####
##......!###
#..........###
#.....)......#
#............#
##.<........##
###.......##
##......##
###...#.##


You could see 2 orc priests, an ooze and 2 orcs.

Vanquished Creatures
  An ice beast (D:5)
  An ogre (D:4)
  A bullfrog (D:3)
  3 hounds
  2 orc wizards
  3 worker ants (D:4)
  A howler monkey skeleton (D:4)
  10 adders
  An ooze (D:1)
  2 worms
  A leopard gecko (D:4)
  14 orcs
  9 bats
  11 giant cockroaches
  6 goblins
  4 hobgoblins
  11 jackals
  10 kobolds
  A quokka (D:2)
  6 frilled lizards
  9 rats
107 creatures vanquished.

Notes
Turn   | Place    | Note
-------+----------+-------------------------------------------
     0 | D:1      | Fang the Gargoyle Berserker began the quest for the Orb.
     0 | D:1      | Reached XP level 1. HP: 14/14 MP: 1/1
    41 | D:1      | Reached XP level 2. HP: 14/19 MP: 2/2
   172 | D:1      | Reached skill level 3 in Axes
   404 | D:1      | Reached XP level 3. HP: 18/24 MP: 3/3
   579 | D:1      | Reached ** piety under Trog
  1011 | D:2      | Reached XP level 4. HP: 28/29 MP: 4/4
  1252 | D:2      | Found a shadowy altar of Dithmenos.
  1328 | D:2      | Reached XP level 5. HP: 26/33 MP: 5/5
  1959 | D:3      | Reached skill level 4 in Axes
  2031 | D:3      | Reached *** piety under Trog
  2096 | D:3      | Found a basalt altar of Yredelemnul.
  2346 | D:3      | Reached XP level 6. HP: 29/39 MP: 6/6
  2612 | D:4      | Reached skill level 1 in Stealth
  2742 | D:4      | Received a gift from Trog
  2921 | D:4      | Reached skill level 5 in Axes
  3080 | D:4      | Reached XP level 7. HP: 24/44 MP: 7/7
  3790 | D:5      | Entered Level 5 of the Dungeon
  3948 | D:5      | Killed from afar by an orc priest

Skill      XL: |  1  2  3  4  5  6 |
---------------+-------------------+-----
Axes           | 3 4 5 |  5.7
Dodging        | 2 3 |  3.4
Fighting       | 4 |  4.9
Stealth        | 1 |  1.4
Armour         | 3 |  3.2

Action                   |  1- 3 |  4- 6 |  7- 9 || total
-------------------------+-------+-------+-------++-------
Melee: Hand axe          |   111 |   241 |       ||   352
       War axe           |       |    41 |    34 ||    75
Invok: Berserk           |     2 |     2 |     1 ||     5
 Stab: Sleeping          |       |     2 |       ||     2
  Eat: Chunk             |     2 |     8 |     5 ||    15
Armor: Animal skin       |    54 |    65 |       ||   119
       Scale mail        |       |    50 |       ||    50
       Chain mail        |       |    17 |    26 ||    43
Dodge: Dodged            |   112 |   195 |    19 ||   326
